 Dungeon Crawl Stone Soup version 0.21.1-1-g345015fe64 (webtiles) character file.

268 LevaFresel the Vandal (level 6, -9/41 HPs)
             Began as a Halfling Hunter on June 7, 2018.
             Mangled by strelocc's ghost (15 damage)
             ... on level 4 of the Dungeon.
             The game lasted 00:15:36 (4290 turns).

LevaFresel the Vandal (Halfling Hunter)             Turns: 4290, Time: 00:15:37

Health: -9/41      AC: 11    Str: 19    XL:     6   Next: 46%
Magic:  6/6        EV:  9    Int:  9    God:
Gold:   219        SH:  0    Dex: 16    Spells: 5/5 levels left

rFire    x . .     SeeInvis .   b - +0 short sword
rCold    + . .     Gourm    .   (shield restricted)
rNeg     . . .     Faith    .   q - +0 plate armour
rPois    .         Spirit   .   (no helmet)
rElec    .         Reflect  .   (no cloak)
rCorr    .         Harm     .   (no gloves)
MR       .....                  (no boots)
Stlth    ..........             (no amulet)
HPRegen  0.13/turn              l - ring of ice
MPRegen  0.10/turn              u - +5 ring of strength

@: no status effects
A: small, mutation resistance 1
a: no special abilities


You were on level 4 of the Dungeon.
You were hungry.

You visited 1 branch of the dungeon, and saw 4 of its levels.

You collected 219 gold pieces.

Inventory:

Hand Weapons
 a - a +1 hunting sling
 b - a +0 short sword (weapon)
 v - a +0 vampiric hand axe
Missiles
 h - 138 stones (quivered)
Armour
 q - a +0 plate armour (worn)
Jewellery
 l - a ring of ice (left hand)
 u - a +5 ring of strength (right hand)
Scrolls
 c - a scroll of remove curse
 g - a scroll of enchant armour {unknown}
 r - 2 scrolls of identify {unknown}
 s - a scroll of amnesia {unknown}
Potions
 e - 2 potions of invisibility {unknown}
 i - 2 potions of flight {unknown}
 j - 2 potions of heal wounds {unknown}
 k - 2 potions of brilliance {unknown}
 m - 2 potions of ambrosia {unknown}
 n - 2 potions of haste {unknown}
 o - 2 potions of curing {unknown}
 p - a potion of resistance {unknown}
Comestibles
 f - 8 rations


   Skills:
 + Level 2.8 Fighting
 + Level 2.4 Short Blades
 * Level 7.6 Slings
 + Level 2.2 Armour
 + Level 3.2 Dodging
 - Level 2.0 Stealth


You had 5 spell levels left.
You didn't know any spells.

Dungeon Overview and Level Annotations

Branches:
Dungeon (4/15)
 Temple: D:4-7

Altars:
Ru
Trog
Vehumet

Shops:
D:4 (

Annotations:
D:4 strelocc's ghost, novice OgBe


Innate Abilities, Weirdness & Mutations

You are small and have problems with some larger weapons.
You are somewhat resistant to further mutation.


Message History

Strelocc's ghost closely misses you.
Firing (i - inventory. (,) - cycle):
d - a sling bullet (quivered)
Press: ? - help, Shift-Dir - straight line, f/p - strelocc's ghost
Aim: strelocc's ghost (almost destroyed)
You shoot a sling bullet.
The sling bullet barely misses strelocc's ghost.
Strelocc's ghost hits you.
b - a +0 short sword (weapon)
Your plate armour prevents you from hitting strelocc's ghost.
Strelocc's ghost is almost destroyed.
Strelocc's ghost hits you.
Your plate armour prevents you from hitting strelocc's ghost.
Strelocc's ghost is almost destroyed.
Strelocc's ghost hits you.
You closely miss strelocc's ghost.
Strelocc's ghost is almost destroyed.
Strelocc's ghost hits you!
* * * LOW HITPOINT WARNING * * *
Strelocc's ghost hits you!
You die...

........######## .
#............
..####..#.#####...
..............#
.#.....#.....# #.##..#.....#
. # #.##..#.....#
...(...#.#.....#.....# ##
...(.(.(o(W@...#.....## #.
#####.......#.#######.###..#
#. ......#.## # .... ##.# #.
..[...... ##### #.## #.
......#.# #..# #.
......#.### ##########.####.
........... ........[.......
......#.### ######..)....###
......# #.......#


You could see an orc wizard and strelocc's ghost.

Vanquished Creatures
  A howler monkey (D:3)
  2 hounds (D:4)
  An iguana (D:4)
  An orc wizard (D:4)
  4 adders
  4 worms
  A dart slug (D:1)
  3 leopard geckos
  3 orcs
  A ball python (D:1)
  9 bats
  A giant cockroach (D:2)
  5 goblins
  8 hobgoblins
  5 jackals (D:2)
  3 frilled lizards (D:2)
  3 kobolds
  A quokka skeleton (D:4)
  11 rats
67 creatures vanquished.

Notes
Turn   | Place    | Note
-------+----------+-------------------------------------------
     0 | D:1      | LevaFresel the Halfling Hunter began the quest for the Orb.
     0 | D:1      | Reached XP level 1. HP: 14/14 MP: 1/1
   447 | D:1      | Reached XP level 2. HP: 16/19 MP: 2/2
   581 | D:1      | Reached skill level 6 in Slings
  1091 | D:1      | Reached XP level 3. HP: 7/24 MP: 3/3
  1427 | D:2      | Reached skill level 1 in Short Blades
  1861 | D:2      | Reached skill level 1 in Armour
  1861 | D:2      | Reached XP level 4. HP: 29/29 MP: 4/4
  2092 | D:2      | Found a radiant altar of Vehumet.
  2365 | D:3      | Found a sacrificial altar of Ru.
  3064 | D:3      | Reached skill level 7 in Slings
  3064 | D:3      | Reached XP level 5. HP: 26/35 MP: 5/5
  3209 | D:3      | Noticed a moth of wrath
  3212 | D:3      | Found a bloodstained altar of Trog.
  3813 | D:4      | Reached XP level 6. HP: 34/41 MP: 6/6
  3821 | D:4      | Noticed strelocc's ghost (novice OgBe)
  3968 | D:4      | Found Nipicise's Weapon Shop.
  4290 | D:4      | Mangled by strelocc's ghost

Skill      XL: |  1  2  3  4  5 |
---------------+----------------+-----
Slings         | 6 7 |  7.6
Fighting       | 2 |  2.8
Short Blades   | 1 2 |  2.4
Armour         | 1 2 |  2.2
Stealth        | 2 |  2.0
Dodging        | 3 |  3.2

Action                   |  1- 3 |  4- 6 || total
-------------------------+-------+-------++-------
Melee: Short sword       |   133 |   135 ||   268
 Fire: Hunting sling     |    12 |    91 ||   103
Throw: Stone             |    12 |       ||    12
  Use: Scroll            |       |     2 ||     2
 Stab: Sleeping          |     3 |       ||     3
  Eat: Ration            |     1 |     2 ||     3
Armor: Leather armour    |     9 |       ||     9
       Scale mail        |    51 |    45 ||    96
       Plate armour      |       |    44 ||    44
Dodge: Dodged            |   123 |   104 ||   227
